 Dungeon Crawl Stone Soup version 0.24-a0-416-g56ce5178b7 (webtiles) character file.

Game seed: 9859027121904042907

12780 ohad the Martial Artist (level 11, 0/90 HPs)
             Began as an Octopode Transmuter on June 8, 2019.
             Was an Initiate of Gozag.
             Slain by an ice devil (15 damage)
             ... in an ice cave.
             The game lasted 00:33:19 (12450 turns).

ohad the Martial Artist (Octopode Transmuter)      Turns: 12450, Time: 00:33:20

Health: 0/90       AC: 10    Str:  9    XL:     11   Next: 98%
Magic:  19/19      EV: 14    Int: 19    God:    Gozag
Gold:   414        SH:  0    Dex: 13    Spells: 7/21 levels left

rFire    x x .     SeeInvis .     - Unarmed
rCold    + + +     Gourm    .   (shield currently unavailable)
rNeg     + . .     Faith    .   (helmet currently unavailable)
rPois    +         Spirit   .   v - amulet of regeneration
rElec    .         Reflect  .   b - +4 ring of protection
rCorr    .         Harm     .   D - ring of wizardry
MR       +....                  H - ring of protection from magic
Stlth    ++........             t - ring of positive energy
HPRegen  0.65/turn              y - ring of ice
MPRegen  0.16/turn              (no ring)
                                (no ring)
                                (no ring)

@: ice-form
A: large, almost no armour, stealthy swim, amphibious, 8 rings, (constrict 8)
a: End Transformation, Potion Petition, Call Merchant, Bribe Branch, Renounce
Religion


You were in an ice cave.
You worshipped Gozag.
Gozag was aware of your devotion.
You were not hungry.
You were a creature of crystalline ice.
You visited 2 branches of the dungeon, and saw 14 of its levels.
You also visited: Ice Cave.

You collected 1928 gold pieces.
You spent 60 gold pieces at shops.
You paid 1454 gold pieces to Gozag.

Inventory:

Hand Weapons
 o - a cursed +0 dagger
 G - the +4 whip "Gyarphifu" {vamp, Dex+3, unknown}
   (You found it on level 7 of the Dungeon)

   It inflicts no extra harm, but heals its wielder when it wounds a living foe.
   It affects your dexterity (+3).
 O - a cursed -2 hand crossbow
Missiles
 a - 186 arrows
 e - 11 boomerangs (quivered)
 f - 69 bolts
Armour
 k - a cursed +0 buckler
Magical Staves
 r - an uncursed staff of air {unknown}
Jewellery
 b - a +4 ring of protection (left front paw)
 t - a ring of positive energy (on tentacle)
 u - an uncursed ring of fire
 v - an amulet of regeneration (around neck)
 y - a ring of ice (on tentacle)
 D - a ring of wizardry (right front paw)
 H - a ring of protection from magic (on tentacle)
Wands
 w - a wand of iceblast (11)
 L - a wand of digging (3)
 M - a wand of random effects (24)
Scrolls
 h - 3 scrolls of random uselessness
 i - a scroll of enchant weapon {unknown}
 l - 2 scrolls of fog
 m - a scroll of blinking
 p - a scroll of remove curse
 x - 2 scrolls of amnesia
 z - 3 scrolls of fear
 B - a scroll of magic mapping
 C - a scroll of enchant armour {unknown}
 E - a scroll of immolation
 I - a scroll of summoning {unknown}
 K - a scroll of teleportation
Potions
 d - 2 potions of cancellation
 g - 2 potions of magic
 j - 5 potions of lignification
 n - 3 potions of haste
 q - a potion of invisibility
 s - 5 potions of flight
 A - 2 potions of brilliance
 J - 2 potions of resistance
 N - a potion of curing
Comestibles
 c - 12 rations


   Skills:
 + Level 7.6 Fighting
 + Level 8.3 Dodging
 - Level 2.2 Stealth
 - Level 13.0 Unarmed Combat
 - Level 5.5 Spellcasting
 - Level 5.7 Transmutations


You had 7 spell levels left.
You knew the following spells:

 Your Spells              Type           Power        Failure   Level  Hunger
b - Sticks to Snakes      Tmut           ####....     1%          2    None
c - Spider Form           Tmut/Pois      ###.......   4%          3    ##.....
d - Ice Form              Ice/Tmut       ###.....     14%         4    ####...
e - Blade Hands           Tmut           ####......   12%         5    #####..

Your spell library contained the following spells:

 Spells                   Type           Power        Failure   Level  Hunger
 Beastly Appendage        Tmut           ####..       1%          1    None
 Flame Tongue             Conj/Fire      #....        4%          1    None
 Throw Flame              Conj/Fire      #.....       8%          2    None
 Conjure Flame            Conj/Fire      #.......     14%         3    ##.....
 Inner Flame              Hex/Fire       #.......     14%         3    ##.....
 Sticky Flame             Conj/Fire      #.......     41%         4    ####...
 Fireball                 Conj/Fire      #.........   75%         5    #####..


Dungeon Overview and Level Annotations

Branches:
Dungeon (13/15)            Temple (1/1) D:6            Lair (0/6) D:9
    Orc: D:9-12      Vaults: D:13-14

Altars:
Ashenzari
Cheibriados
Dithmenos
Elyvilon
Fedhas
Gozag
Hepliaklqana
Kikubaaqudgha
Makhleb
Nemelex Xobeh
Okawaru
Qazlal
Ru
Sif Muna
Trog
Uskayaw
Vehumet
Wu Jian
Xom
Yredelemnul
Zin
The Shining One

Shops:
D:4 ?   D:6 (   D:9 [%

Annotations:
D:3 Torious's ghost, amateur DECj


Innate Abilities, Weirdness & Mutations

You cannot wear most types of armour.
You are very stealthy in the water. (Stealth+)
You are amphibious.
You can wear up to eight rings at the same time.
((You can use your tentacles to constrict eight enemies at once.))
((Your skin changes colour to match your surroundings (Stealth+).))
((Your rubbery body absorbs attacks. (AC +1, EV +1)))


Message History

Unknown command.
You hit the ice devil.
The ice devil is severely wounded.
The ice devil hits you but does no damage.
The ice devil closely misses you.
You barely miss the ice devil.
The ice devil is severely wounded.
The ice devil hits you! The ice devil freezes you. You resist.
* * * LOW HITPOINT WARNING * * *
The ice devil hits you!
* * * LOW HITPOINT WARNING * * *
The ice devil freezes you. You resist.
* * * LOW HITPOINT WARNING * * *
Okay, then.
Unknown command.
You hit the ice devil but do no damage.
The ice devil is severely wounded.
The ice devil barely misses you. The ice devil hits you!
You die...
Your body crumbles into a pile of gold.

#.......###
##..##....##
#......##
######..##
#.......# ####
##.....## ##....#
#### ##..##
##...## ##...#
#.....## #...##
##44....# ##..#
#.Y.....# ####...#
##..##...# ##
##..#..## #....#
.##..# ##...#..#
#..#.##.#§○### #
#.......#
##.##.○#.#☼.#.#.##
##..##...#
#..#§....☼....#.$#
#...###..#
#..☼§§≈..°.○...2:
#..##.#§##
#...#...####..#
#..#§§§.##
#...#§☼§§.....#


You could see 2 ice devils.

Vanquished Creatures
  A hydra (D:8)
  An unseen horror (D:11)
  2 ice statues (IceCv)
  A gargoyle (D:10)
  2 rime drakes (D:11)
  A kobold demonologist (D:6)
  4 ice devils (IceCv)
  Prince Ribbit (D:6)
  A dream sheep (D:8)
  2 basilisks
  10 yaks
  A shadow (D:8)
  Grum (D:9)
  A hungry ghost (D:10)
  Menkaure (D:5)
  Edmund (D:5)
  A water moccasin (D:6)
  3 porcupines (D:9)
  2 ice beasts
  3 ogres
  4 orc warriors
  4 phantoms
  2 sky beasts
  A black bear (D:9)
  A necrophage (D:6)
  2 wolves (D:9)
  7 centaurs
  A crocodile (D:9)
  4 big kobolds
  12 bullfrogs
  2 scorpions
  6 killer bees (D:9)
  5 wights (D:6)
  A howler monkey (D:9)
  10 crimson imps
  2 quasits
  6 orc priests
  2 centaur zombies
  A centaur skeleton (D:5)
  2 bullfrog skeletons
  2 iguanas
  9 orc wizards
  8 worker ants
  A hound skeleton (D:8)
  A worker ant zombie (D:6)
  5 gnolls
  15 adders
  2 shadow imps
  6 white imps (IceCv)
  9 ufetubi (IceCv)
  An ooze (D:1)
  6 worms
  6 dart slugs
  6 leopard geckos
  35 orcs
  A ball python (D:1)
  8 giant cockroaches
  6 hobgoblins (D:1)
  6 jackals
  2 quokkas
  4 bats
  4 frilled lizards
  7 goblins
  6 kobolds
  A leopard gecko skeleton (D:7)
  A quokka skeleton (D:5)
  A rat (D:1)
274 creatures vanquished.

Vanquished Creatures (collateral kills)
  A dream sheep (D:8)
  An ogre (D:5)
  A dart slug (D:2)
  A leopard gecko zombie (D:8)
4 creatures vanquished.

Vanquished Creatures (others)
  A white imp (IceCv)
  4 ufetubi (IceCv)
  A fungus (D:9)
6 creatures vanquished.

Grand Total: 284 creatures vanquished

Notes
Turn   | Place    | Note
-------+----------+-------------------------------------------
     0 | D:1      | ohad the Octopode Transmuter began the quest for the Orb.
     0 | D:1      | Reached XP level 1. HP: 13/13 MP: 3/3
    78 | D:1      | Reached XP level 2. HP: 11/18 MP: 5/5
   393 | D:1      | Reached skill level 4 in Unarmed Combat
   501 | D:1      | Reached XP level 3. HP: 23/23 MP: 6/6
  1240 | D:2      | Reached XP level 4. HP: 13/28 MP: 5/7
  1245 | D:2      | Learned a level 2 spell: Sticks to Snakes
  1249 | D:2      | Learned a level 3 spell: Spider Form
  1587 | D:2      | Reached XP level 5. HP: 24/33 MP: 8/8
  2253 | D:3      | Found a runed translucent door.
  2259 | D:3      | Noticed Torious's ghost (amateur DECj)
  2901 | D:3      | Reached XP level 6. HP: 38/38 MP: 9/9
  3906 | D:4      | Found Ugottemp's Magic Scroll Shop.
  3914 | D:4      | Bought a scroll of identify for 24 gold pieces
  3914 | D:4      | Bought a scroll of teleportation for 36 gold pieces
  4169 | D:4      | Reached skill level 5 in Unarmed Combat
  4427 | D:4      | Noticed a phantom
  4687 | D:4      | Reached XP level 7. HP: 45/45 MP: 10/10
  4694 | D:5      | Entered Level 5 of the Dungeon
  4773 | D:5      | Noticed Edmund
  4786 | D:5      | Killed Edmund
  4806 | D:5      | Found a burning altar of Makhleb.
  5019 | D:5      | Learned a level 4 spell: Ice Form
  5184 | D:5      | Reached XP level 8. HP: 50/50 MP: 8/14
  5301 | D:5      | Found a basalt altar of Yredelemnul.
  5414 | D:5      | Learned a level 5 spell: Blade Hands
  5457 | D:5      | Reached skill level 5 in Spellcasting
  5457 | D:5      | Reached skill level 5 in Transmutations
  5642 | D:5      | Found a shimmering altar of Xom.
  5643 | D:5      | Found a hazy altar of Hepliaklqana.
  5643 | D:5      | Noticed a tentacled monstrosity
  5644 | D:5      | Noticed a spectral ugly thing
  5644 | D:5      | Noticed a tentacled monstrosity
  5983 | D:6      | Noticed Menkaure
  5993 | D:5      | Killed Menkaure
  6078 | D:6      | Reached skill level 1 in Stealth
  6227 | D:6      | Found a staircase to the Ecumenical Temple.
  6242 | Temple   | Entered the Ecumenical Temple
  6305 | Temple   | Became a worshipper of Gozag Ym Sagoz the Greedy
  6332 | D:6      | Found Dyar's Weapon Emporium.
  6552 | D:6      | Found an iron altar of Okawaru.
  6555 | D:6      | Noticed Prince Ribbit
  6599 | D:6      | Reached XP level 9. HP: 56/56 MP: 14/17
  6605 | D:6      | Reached skill level 6 in Unarmed Combat
  6615 | D:6      | Killed Prince Ribbit
  6645 | D:6      | Noticed a kobold demonologist
  6743 | D:6      | Killed a kobold demonologist
  6743 | D:6      | Reached skill level 7 in Unarmed Combat
  7116 | D:7      | Reached skill level 8 in Unarmed Combat
  7271 | D:7      | Got an ivory whip
  7356 | D:7      | Reached skill level 5 in Fighting
  8136 | D:8      | Found a white marble altar of Elyvilon.
  8173 | D:8      | Reached skill level 9 in Unarmed Combat
  8253 | D:8      | Reached skill level 5 in Dodging
  8406 | D:8      | Reached XP level 10. HP: 66/66 MP: 13/18
  8759 | D:8      | Reached skill level 10 in Unarmed Combat
  9364 | D:8      | Noticed a three-headed hydra
  9370 | D:8      | Killed a three-headed hydra
  9370 | D:8      | Reached skill level 11 in Unarmed Combat
  9634 | D:9      | Found a staircase to the Lair.
  9828 | D:9      | Noticed Grum
  9829 | D:9      | Reached XP level 11. HP: 72/72 MP: 14/19
  9835 | D:9      | Killed Grum
  9843 | D:9      | Reached skill level 12 in Unarmed Combat
  9962 | D:9      | Found an ancient bone altar of Kikubaaqudgha.
 10252 | D:9      | Found the +2 cloak of the Thief {+Fog Slay-2 SInv Stlth+}
 10350 | D:9      | Found Qummigu's Armour Shoppe.
 10466 | D:9      | Found a sparkling altar of Nemelex Xobeh.
 10881 | D:10     | Entered Level 10 of the Dungeon
 11091 | D:10     | Reached skill level 13 in Unarmed Combat
 11334 | D:10     | You fall into a shaft and drop 3 floors!
 11649 | D:11     | Found a frozen archway.
 11649 | D:11     | Noticed a two-headed ogre
 11673 | D:11     | Killed an unseen horror
 11765 | IceCv    | Entered an ice cave
 12426 | IceCv    | Noticed a reaper
 12450 | IceCv    | Slain by an ice devil

Levels and vault maps discovered:
D:1:      minmay_arrival_four_loops, layout_basic
D:2:      layout_rooms
D:3:      layout_basic, ebering_ghost_sewer_d
D:4:      layout_basic, serial_shops, shop_scrolls, first_ration
D:5:      layout_basic, regret_index_temple_of_mockery,
          grunt_temple_overflow_open, uniq_edmund
D:6:      layout_basic, kennysheep_mini, minmay_temple_entry_wispy,
          serial_glass, glass_columns_b, glass_columns_a, serial_shops, shop,
          uniq_prince_ribbit1, uniq_menkaure
D:7:      layout_basic
D:8:      layout_gridville, lemuel_doored_altar, serial_co_window_serial,
          co_window_of_opportunity_a, co_window_corner_a, co_window_corner_a,
          co_window_paths_b, co_window_corner_a, co_window_paths_b,
          co_window_corner_a, co_window_of_opportunity_c, co_window_corner_ca,
          co_window_broadway_b, co_window_paths_e, co_window_paths_d,
          glass_columns_c, glass_columns_a, glass_columns_c, glass_columns_b,
          hangedman_ranch [blue_anna_fruit_fields]
D:9:      layout_grid_maze, kiku_gazebo_pond_becter, lemuel_crystal_altar,
          due_lair_maze_entry_diamond, serial_shops, kennysheep_mini_moat,
          hex_large, uniq_grum
D:10:     layout_loops_ring
D:11:     layout_long_grid, portal_ice_cave_rime, uniq_fannar
D:12:     layout_loops_ring, orc_david_3, basic_altar, guppyfry_shop_venom
D:13:     layout_layer_cave
Temple:   zaba_magenta_temple
IceCv:    ice_cave_small_demon

Skill      XL: |  1  2  3  4  5  6  7  8  9 10 11 |
---------------+----------------------------------+-----
Unarmed Combat | 4 5 9 11 13 | 13.0
Dodging        | 3 4 5 6 8 |  8.3
Fighting       | 2 3 5 7 |  7.6
Spellcasting   | 4 5 |  5.5
Transmutations | 4 5 |  5.7
Stealth        | 2 |  2.2

Action                   |  1- 3 |  4- 6 |  7- 9 | 10-12 || total
-------------------------+-------+-------+-------+-------++-------
Melee: Unarmed           |    62 |   152 |   364 |   400 ||   978
       Constrict         |    20 |    26 |    25 |    24 ||    95
       Kick              |    10 |    11 |     5 |     4 ||    30
       Tentacles         |     9 |     8 |    25 |    17 ||    59
       Punch             |     1 |       |     4 |     7 ||    12
 Cast: Beastly Appendage |     8 |    13 |     7 |     2 ||    30
       Spider Form       |       |    13 |    15 |     6 ||    34
       Sticks to Snakes  |       |     5 |     1 |    14 ||    20
       Ice Form          |       |       |    10 |    19 ||    29
       Blade Hands       |       |       |       |     3 ||     3
Invok: Potion Petition   |       |       |       |     3 ||     3
       Call Merchant     |       |       |       |     1 ||     1
 Abil: End Transformatio |       |       |     1 |       ||     1
  Use: Scroll            |       |     9 |     4 |     9 ||    22
       Potion            |       |     1 |     1 |     3 ||     5
 Stab: Sleeping          |     5 |     7 |     5 |     8 ||    25
       Distracted        |       |       |     1 |     5 ||     6
       Invisible         |       |       |       |     4 ||     4
  Eat: Chunk             |     1 |    12 |     9 |       ||    22
       Ration            |       |       |     2 |     6 ||     8
Armor: Skin              |    11 |    18 |    66 |    94 ||   189
Dodge: Dodged            |    46 |   120 |   236 |   263 ||   665

Table legend:
 A = Non-vault XP
 B = Vault XP
 C = Vault XP percentage of total XP
 D = Non-vault monster count
 E = Vault monster count
 F = Vault count percentage of total count
                 A         B        C        D         E       F
            +---------+---------+-------+---------+---------+-------
      Total |   10886 |    7372 |  40.4 |     229 |      49 |  17.6
            +---------+---------+-------+---------+---------+-------
        D:1 |      65 |       0 |   0.0 |      25 |       0 |   0.0
        D:2 |     114 |      97 |  46.0 |      22 |       1 |   4.3
        D:3 |      99 |      27 |  21.4 |      16 |       2 |  11.1
        D:4 |     340 |       0 |   0.0 |      11 |       0 |   0.0
        D:5 |     845 |     329 |  28.0 |      23 |       2 |   8.0
        D:6 |    1151 |     274 |  19.2 |      16 |       1 |   5.9
        D:7 |    1146 |       0 |   0.0 |      26 |       0 |   0.0
        D:8 |    1286 |    1992 |  60.8 |      25 |       8 |  24.2
        D:9 |    2638 |    1448 |  35.4 |      36 |      12 |  25.0
       D:10 |    1689 |       0 |   0.0 |      10 |       0 |   0.0
       D:11 |     773 |     788 |  50.5 |       2 |       2 |  50.0
       D:12 |       3 |       0 |   0.0 |       1 |       0 |   0.0
       D:13 |     737 |       0 |   0.0 |      16 |       0 |   0.0
      IceCv |       0 |    2417 | 100.0 |       0 |      21 | 100.0
            +---------+---------+-------+---------+---------+-------
